 Dungeon Crawl Stone Soup version 0.30-a0-297-g0ec75d9ef4 (webtiles) character file.

Game seed: 2836255833367686319

2357 purpskrrrp the Grappler (level 9, -2/71 (80) HPs)
             Began as a Troll Fighter on Oct 18, 2022.
             Was an Elder of Nemelex Xobeh.
             Slain by a centaur (3 damage)
             ... on level 7 of the Dungeon.
             The game lasted 00:06:52 (4694 turns).

purpskrrrp the Grappler (Troll Fighter)             Turns: 4694, Time: 00:06:52

HP:   -2/71 (80)    AC:  5    Str: 36    XL:     9   Next: 20%
MP:   11/12         EV:  8    Int:  4    God:    Nemelex Xobeh [****..]
Gold: 167           SH:  7    Dex:  9    Spells: 8/8 levels left

rFire   . . .      SeeInvis .      - Unarmed
rCold   . . .      Faith    .    b - +0 kite shield
rNeg    . . .      Spirit   .    a - +0 robe
rPois   .          Reflect  .    (helmet restricted)
rElec   .          Harm     .    o - +0 cloak
rCorr   .          Rampage  .    (gloves unavailable)
Will    .....                    (boots unavailable)
Stlth   +.........               (no amulet)
HPRegen 1.11/turn                q - +4 ring of slaying
MPRegen 0.13/turn                i - +6 ring of strength

@: heavily drained
A: large, unfitting armour, claws 3, regeneration 1, shaggy fur 1, tough skin 1
a: Renounce Religion, Draw Escape, Draw Destruction, Draw Summoning, Triple
Draw, Deal Four


You were on level 7 of the Dungeon.
You worshipped Nemelex Xobeh.
Nemelex Xobeh was greatly pleased with you.
You visited 1 branch of the dungeon, and saw 7 of its levels.

You collected 277 gold pieces.
You spent 110 gold pieces at shops.

Inventory:

Missiles
 d - a throwing net (quivered)
Armour
 a - a +0 robe (worn)
 b - a +0 kite shield (worn)
 o - a +0 cloak (worn)
Jewellery
 i - a +6 ring of strength (right claw)
 q - a +4 ring of slaying (left claw)
 t - a ring of fire
 w - a ring of ice
Wands
 s - a wand of roots (11)
 y - a wand of flame (19)
Scrolls
 h - a scroll of fear
 m - 2 scrolls of poison {unknown}
 p - 5 scrolls of teleportation
 r - 2 scrolls of silence {unknown}
 u - 3 scrolls of identify
 x - 2 scrolls of magic mapping {unknown}
 A - 2 scrolls of amnesia {unknown}
 B - a scroll of noise {unknown}
Potions
 e - 3 potions of mutation {unknown}
 f - 4 potions of curing {unknown}
 g - 3 potions of flight
 j - a potion of lignification {unknown}
 k - 4 potions of haste
 l - a potion of degeneration
 n - 3 potions of heal wounds
 v - a potion of attraction {unknown}
 z - a potion of invisibility {unknown}


   Skills:
 - Level 2.4 Fighting
 - Level 2.4 Dodging
 - Level 2.6 Shields
 * Level 11.0 Unarmed Combat
 + Level 5.3 Invocations


You had 8 spell levels left.
You didn't know any spells.
Your spell library contained the following spells:

 Spells                   Type           Power      Damage    Failure   Level
 Slow                     Hex            0%         N/A       80%         1
 Blink                    Tloc           0%         N/A       91%         2
 Ensorcelled Hibernation  Hex/Ice        0%         N/A       91%         2
 Momentum Strike          Conj/Tloc      0%         3d8       91%         2
 Confusing Touch          Hex            0%         N/A       99%         3
 Lesser Beckoning         Tloc           0%         N/A       99%         3
 Spider Form              Tmut/Pois      0%         N/A       99%         3
 Vampiric Draining        Necr           0%         2d6       99%         3
 Anguish                  Hex/Necr       0%         N/A       100%        4
 Animate Dead             Necr           0%         N/A       100%        4
 Freezing Cloud           Conj/Ice/Air   0%         6-21      100%        5
 Simulacrum               Ice/Necr       0%         N/A       100%        6
 Haunt                    Necr/Summ      0%         N/A       100%        7
 Infestation              Necr           0%         N/A       100%        8
 Polar Vortex             Ice            0%         N/A       100%        9


Dungeon Overview and Level Annotations

Branches:
Dungeon (7/15)
 Temple: D:4-7

Altars:
Ashenzari
Dithmenos
Elyvilon
Fedhas
Kikubaaqudgha
Makhleb
Nemelex Xobeh
Ru
Yredelemnul

Shops:
D:3 =   D:6 !


Innate Abilities, Weirdness & Mutations

You are too large for most types of armour.
You have claws for hands.
Your natural rate of healing is unusually fast.
You are covered in fur. (AC +1)
You have tough skin. (AC +1)


Message History

The centaur unwields a +0 shortbow.
The centaur hits you but does no damage.
The centaur barely misses you.
An orc comes into view. It is wielding a +0 hand axe.
The wight hits you but does no damage.
Okay, then.
As you read the scroll of fear, it crumbles to dust.
You assume a fearsome visage.
The centaur resists with some effort.
The wight is unaffected. x3; The orc priest looks frightened!
The orc looks frightened!
The orc priest looks frightened!
The wight is unaffected. x2; The centaur hits you.
* * * LOW HITPOINT WARNING * * *
You block the centaur's attack. The wight barely misses you.
The wight hits you from afar with a +0 spear.
* * * LOW HITPOINT WARNING * * *
The wight hits you with a +0 hand axe.
* * * LOW HITPOINT WARNING * * *
The centaur barely misses you. You block the centaur's attack.
You feel much better. The wight hits you with a +5 mace!
You block the wight's attack.
The wight hits you with a +3 flail of freezing!
* * * LOW HITPOINT WARNING * * *
The wight freezes you.
* * * LOW HITPOINT WARNING * * *
You block the centaur's attack. x2
A howler monkey comes into view.
The centaur hits you but does no damage.
The centaur kicks you.
* * * LOW HITPOINT WARNING * * *
The wight hits you with a +0 hand axe.
* * * LOW HITPOINT WARNING * * *
You feel drained. The centaur hits you.
* * * LOW HITPOINT WARNING * * *
The centaur kicks you but does no damage.
The wight attacks as you move away! You block the wight's attack.
The centaur hits you.
* * * LOW HITPOINT WARNING * * *
The centaur kicks you.
You die...
Your body disappears without a glow.

.... ...... .##
.# ...... ..#[.#
......# ..#.#
#...... #....#
#......##....#
.......<....#
..##...@..#.#
##.czz##
###.zz##
#).z...#
......).....#
.oh...........#
..............#
...o............
...?............


You could see a centaur, 5 wights and an orc priest (fleeing).

Vanquished Creatures
  Grinder (D:3)
  A water moccasin (D:6)
  An orc warrior (D:6)
  A centaur (D:5)
  2 phantoms
  A kobold brigand (D:6)
  3 necrophages (D:6)
  6 wights
  2 centaur zombies (D:6)
  2 bullfrog zombies (D:6)
  5 hounds
  A human zombie (D:6)
  2 jellies
  2 orc priests
  A gnoll bouda (D:6)
  6 iguanas
  Natasha (D:4)
  6 orc wizards
  A killer bee zombie (D:6)
  A mummy (D:6)
  Robin (D:3)
  A howler monkey zombie (D:6)
  7 gnolls
  10 adders
  A white imp (D:6)
  2 ufetubi (D:5)
  2 worms
  5 dart slugs
  20 orcs
  5 bats
  5 endoplasms
  4 giant cockroaches
  9 hobgoblins
  2 jackals (D:2)
  5 quokkas
  11 ball pythons
  3 frilled lizards
  12 goblins
  11 kobolds
  4 rats
166 creatures vanquished.

Vanquished Creatures (others)
  7 plants (D:5)
7 creatures vanquished.

Grand Total: 173 creatures vanquished

Notes
Turn   | Place    | Note
-------+----------+-------------------------------------------
     0 | D:1      | purpskrrrp the Troll Fighter began the quest for the Orb.
     0 | D:1      | Reached XP level 1. HP: 22/22 MP: 0/0
   179 | D:1      | Reached XP level 2. HP: 29/29 MP: 1/1
   367 | D:1      | Reached skill level 3 in Unarmed Combat
  1236 | D:2      | Reached XP level 3. HP: 36/36 MP: 2/2
  1488 | D:2      | Found a basalt altar of Yredelemnul.
  1521 | D:2      | Reached skill level 4 in Unarmed Combat
  1633 | D:3      | Noticed Grinder
  1641 | D:3      | Reached XP level 4. HP: 44/44 MP: 3/3
  1650 | D:3      | Paralysed by Grinder for 2 turns
  1653 | D:3      | Killed Grinder
  1654 | D:3      | Reached skill level 6 in Unarmed Combat
  1654 | D:3      | Reached XP level 5. HP: 25/50 MP: 4/4
  1654 | D:3      | Reached XP level 6. HP: 30/59 MP: 5/5
  1828 | D:3      | Found Cytroef's Jewellery Shoppe.
  1856 | D:3      | Found a blossoming altar of Fedhas.
  1958 | D:3      | Found a faded altar of an unknown god.
  1982 | D:3      | Noticed Robin
  2017 | D:3      | Killed Robin
  2052 | D:3      | Prayed at the altar of an unknown god.
  2052 | D:3      | Became a worshipper of Nemelex Xobeh the Trickster
  2052 | D:3      | Reached * piety under Nemelex Xobeh
  2091 | D:3      | Found a broken altar of Ashenzari.
  2095 | D:3      | Saw a vision of the Swamp and the Spider Nest.
  2095 | D:3      | Noticed a tarantella
  2095 | D:3      | Noticed a demonic crawler
  2095 | D:3      | Noticed a redback
  2095 | D:3      | Noticed a wolf spider
  2095 | D:3      | Noticed a demonic crawler
  2095 | D:3      | Noticed a tarantella
  2095 | D:3      | Noticed an orb spider
  2095 | D:3      | Noticed a wolf spider
  2095 | D:3      | Noticed an entropy weaver
  2095 | D:3      | Noticed a jumping spider
  2095 | D:3      | Noticed a four-headed hydra
  2095 | D:3      | Noticed a five-headed hydra
  2095 | D:3      | Noticed a tyrant leech
  2095 | D:3      | Noticed a seven-headed hydra
  2095 | D:3      | Noticed a spriggan druid
  2095 | D:3      | Noticed a spriggan rider
  2095 | D:3      | Noticed a redback
  2095 | D:3      | Noticed a bunyip
  2096 | D:3      | Noticed a torpor snail
  2097 | D:3      | Noticed an orb spider
  2098 | D:3      | Noticed a spriggan druid
  2098 | D:3      | Noticed a bog body
  2149 | D:3      | Received a gift from Nemelex Xobeh
  2401 | D:3      | Reached skill level 7 in Unarmed Combat
  2639 | D:4      | Found a shadowy altar of Dithmenos.
  2667 | D:4      | Reached ** piety under Nemelex Xobeh
  2761 | D:4      | Reached skill level 1 in Invocations
  2834 | D:4      | Reached XP level 7. HP: 56/66 MP: 7/7
  2936 | D:4      | Noticed Natasha
  2940 | D:4      | Killed Natasha
  3405 | D:5      | Entered Level 5 of the Dungeon
  3468 | D:5      | Found a sacrificial altar of Ru.
  3513 | D:5      | Reached skill level 8 in Unarmed Combat
  3519 | D:5      | Reached *** piety under Nemelex Xobeh
  3666 | D:5      | Received a gift from Nemelex Xobeh
  3787 | D:5      | Reached XP level 8. HP: 53/74 MP: 9/9
  3829 | D:5      | Found a white marble altar of Elyvilon.
  4026 | D:5      | You fall into a shaft and drop 2 floors!
  4034 | D:6      | Found Cuj Engualic's Distillery.
  4065 | D:6      | Bought a potion of heal wounds for 55 gold pieces
  4065 | D:6      | Bought a potion of heal wounds for 55 gold pieces
  4105 | D:6      | Reached skill level 9 in Unarmed Combat
  4306 | D:6      | Reached skill level 10 in Unarmed Combat
  4432 | D:6      | Reached XP level 9. HP: 80/80 MP: 11/11
  4432 | D:6      | Found an ancient bone altar of Kikubaaqudgha.
  4442 | D:6      | Reached skill level 5 in Invocations
  4548 | D:6      | Reached **** piety under Nemelex Xobeh
  4560 | D:6      | Found a burning altar of Makhleb.
  4689 | D:7      | Reached skill level 11 in Unarmed Combat
  4693 | D:7      | HP: 3/71 [centaur (2)]
  4694 | D:7      | HP: 1/71 [centaur (3)]
  4694 | D:7      | Slain by a centaur

Illustrated notes

Levels and vault maps discovered:
D:1:      lightli_arrival_noodles, layout_loops_ring, serial_forest,
          infiniplex_forest_corner_2, infiniplex_forest_clump_C,
          infiniplex_forest_lined_2, infiniplex_forest_lined_2,
          infiniplex_forest_pool, infiniplex_forest_lined_3,
          infiniplex_forest_lined_room_3, infiniplex_forest_end_3,
          minmay_door_square
D:2:      layout_basic, basic_altar, corexii_hall_statues_x
D:3:      layout_loops_corners, grunt_ashenzari_visionary
          [grunt_ashenzari_visionary_swamp, grunt_ashenzari_visionary_spider],
          fedhas_ov_isle_minmay, chequers_ecumenical_altar_simple, serial_shops,
          shop, uniq_robin, uniq_grinder
D:4:      layout_basic, nicolae_dithmenos_the_darkroom, uniq_natasha
D:5:      layout_loops_corners, nicolae_overflow_hidden_temple,
          kennysheep_mini_moat, chequers_big_river,
          hangedman_abyss_or_decor_passed, hangedman_decor_clover_reticule
D:6:      layout_rooms, lemuel_mausoleum_altar_kikubaaqudgha,
          makhleb_blood_cavern_becter, nicolae_stop_n_shop_1
D:7:      layout_cave_pools, nicolae_hepliaklqana_monster_ancestors,
          mainiacjoe_overflow_chevrons, minmay_temple_entry_steel_oval,
          serial_shops, kennysheep_mini

Skill      XL: |  1  2  3  4  5  6  7  8  9 |
---------------+----------------------------+-----
Unarmed Combat | 3 4 6 7 8 10 11 | 11.0
Invocations    | 1 3 4 5 |  5.3
Fighting       | |  2.4
Dodging        | |  2.4
Shields        | |  2.6

Action                   |  1- 3 |  4- 6 |  7- 9 || total
-------------------------+-------+-------+-------++-------
Melee: Unarmed           |    89 |   100 |   172 ||   361
  Use: Scroll            |     7 |       |     1 ||     8
       Potion            |       |       |     2 ||     2
 Stab: Sleeping          |     1 |       |       ||     1
Armor: Robe              |    31 |    46 |    62 ||   139
Dodge: Dodged            |    32 |    44 |    56 ||   132
Block: Kite shield       |    23 |    49 |    60 ||   132

Table legend: (Time is in decaauts)
 A = Elapsed time spent in this place.
 B = Non-inter-level travel time spent in this place.
 C = Inter-level travel time spent in this place.
 D = Time resting spent in this place.
 E = Time spent auto-exploring this place.
 F = Levels seen in this place.
 G = Mean time per level.
                   A        B        C        D        E       F      G
               +--------+--------+--------+--------+--------+-----+--------+
         Total |   4702 |   4465 |    237 |     40 |   3580 |   7 |  671.7 |
       Dungeon |   4702 |   4465 |    237 |     40 |   3580 |   7 |  671.7 |
               +--------+--------+--------+--------+--------+-----+--------+

Top non-repeatable levels by time:
     D:1: 1223 daAuts
     D:3: 954 daAuts
     D:4: 817 daAuts
     D:6: 642 daAuts
     D:5: 625 daAuts
     D:2: 419 daAuts
     D:7: 20 daAuts
